 Dungeon Crawl Stone Soup version 0.29-a0-275-g389c0b56f3 (webtiles) character file.

Game seed: 16564743456779713509

136 siradein the Bolt Thrower (level 4, -2/38 HPs)
             Began as a Minotaur Hunter on Mar 9, 2022.
             Was an Initiate of Trog.
             Succumbed to a scorpion's poison
             ... on level 4 of the Dungeon.
             The game lasted 00:03:25 (3042 turns).

siradein the Bolt Thrower (Minotaur Hunter)         Turns: 3042, Time: 00:03:26

Health: -2/38      AC:  6    Str: 16    XL:     4   Next: 98%
Magic:  3/3        EV: 10    Int:  8    God:    Trog [......]
Gold:   159        SH:  0    Dex: 13    Spells: 3/3 levels left

rFire   . . .      SeeInvis .   a - +1 hand crossbow
rCold   . . .      Faith    .   (no shield)
rNeg    . . .      Spirit   .   f - +0 scale mail
rPois   .          Reflect  .   (helmet restricted)
rElec   .          Harm     .   (no cloak)
rCorr   .          Rampage  .   (no gloves)
Will    .....                   (no boots)
Stlth   ..........              (no amulet)
HPRegen 0.12/turn               (no ring)
MPRegen 0.08/turn               (no ring)

@: lethally poisoned (-2 -> -12)
A: horns 2, retaliatory headbutt
a: Renounce Religion


You were on level 4 of the Dungeon.
You worshipped Trog.
Trog was noncommittal.
You visited 1 branch of the dungeon, and saw 4 of its levels.

You collected 159 gold pieces.

Inventory:

Hand Weapons
 a - a +1 hand crossbow (weapon)
Armour
 f - a +0 scale mail (worn)
Jewellery
 n - a ring of magical power
Wands
 t - a wand of polymorph (5)
Scrolls
 c - 2 scrolls of immolation
 d - 5 scrolls of identify {unknown}
 e - a scroll of enchant weapon {unknown}
 i - 2 scrolls of fog {unknown}
 j - 2 scrolls of summoning {unknown}
 k - a scroll of teleportation {unknown}
 m - a scroll of enchant armour {unknown}
 p - a scroll of noise {unknown}
 r - a scroll of amnesia {unknown}
 s - a scroll of blinking {unknown}
Potions
 b - 2 potions of brilliance {unknown}
 g - a potion of lignification {unknown}
 h - a potion of magic {unknown}
 l - 2 potions of curing {unknown}
 o - a potion of heal wounds {unknown}
 q - a potion of attraction {unknown}


   Skills:
 + Level 3.5 Fighting
 * Level 5.4 Crossbows
 + Level 2.4 Armour
 + Level 3.2 Dodging
 - Level 0.7 Stealth


You had 3 spell levels left.
You didn't know any spells.
Your spell library contained the following spells:

 Spells                   Type           Power      Damage    Failure   Level
 Shock                    Conj/Air       0%         1d3       83%         1
 Swiftness                Air            0%         N/A       99%         3
 Airstrike                Air            0%         N/A       100%        4


Dungeon Overview and Level Annotations

Branches:
Dungeon (4/15)
 Temple: D:4-7

Altars:
Dithmenos
Trog
Uskayaw

Annotations:
D:3 1 runed translucent door, seaofthunder's ghost, amateur HOFi


Innate Abilities, Weirdness & Mutations

You have a pair of horns on your head.
You reflexively headbutt those who attack you in melee.


Message History

You feel very sick.
The scorpion stings you but does no damage.
Unknown command.
You shoot a bolt. The bolt barely misses the scorpion.
You feel very sick. The scorpion stings you.
The scorpion stings you but does no damage.
You are too injured to fight recklessly!
You are too injured to fight recklessly!
Shoot: a) +1 hand crossbow
Press: ? - help, Q - select action, (/) - cycle Shift-Dir - straight line, f/p - scorpion
Aim: a scorpion (moderately wounded, 63% to hit)
You shoot a bolt. The bolt barely misses the scorpion.
You feel sick.
The scorpion stings you but does no damage.
The scorpion stings you.
Shoot: a) +1 hand crossbow
Press: ? - help, Q - select action, (/) - cycle Shift-Dir - straight line, f/p - scorpion
Aim: a scorpion (moderately wounded, 63% to hit)
You shoot a bolt. The bolt closely misses the scorpion.
You feel sick. The scorpion barely misses you.
Unknown command.
Shoot: a) +1 hand crossbow
Press: ? - help, Q - select action, (/) - cycle Shift-Dir - straight line, f/p - scorpion
Aim: a scorpion (moderately wounded, 63% to hit)
You shoot a bolt. The bolt hits the scorpion.
The scorpion is heavily wounded.
You feel sick. The scorpion stings you.
* * * LOW HITPOINT WARNING * * *
The scorpion stings you.
* * * LOW HITPOINT WARNING * * *
You are more poisoned.
The scorpion poisons you!
Shoot: a) +1 hand crossbow
Press: ? - help, Q - select action, (/) - cycle Shift-Dir - straight line, f/p - scorpion
Aim: a scorpion (heavily wounded, 63% to hit)
You shoot a bolt.
The bolt hits the scorpion but does no damage.
The scorpion is heavily wounded.
You die...

. ......
.##.....#
........#
###.?.....#
#........
#<#....
##.#s.#
#.<#@.#
#.#...#
#.#..##
..#....
.###..###
#. #### .
#.


You could see a scorpion.

Vanquished Creatures
  A jelly (D:3)
  An orc wizard (D:3)
  Ijyb (D:3)
  An adder (D:2)
  A worm (D:3)
  4 orcs (D:3)
  A bat (D:3)
  5 endoplasms
  3 giant cockroaches
  3 hobgoblins
  2 jackals (D:2)
  5 kobolds
  3 quokkas
  A ball python (D:1)
  3 frilled lizards
  5 goblins
40 creatures vanquished.

Vanquished Creatures (others)
  2 withered plants (D:3)
2 creatures vanquished.

Grand Total: 42 creatures vanquished

Notes
Turn   | Place    | Note
-------+----------+-------------------------------------------
     0 | D:1      | siradein the Minotaur Hunter began the quest for the Orb.
     0 | D:1      | Reached XP level 1. HP: 18/18 MP: 0/0
   560 | D:1      | Reached XP level 2. HP: 24/25 MP: 1/1
   752 | D:2      | Reached skill level 1 in Armour
  1213 | D:2      | Reached XP level 3. HP: 22/30 MP: 2/2
  1783 | D:3      | Found a bloodstained altar of Trog.
  2110 | D:3      | Reached skill level 5 in Crossbows
  2119 | D:3      | Reached XP level 4. HP: 26/38 MP: 3/3
  2146 | D:3      | Became a worshipper of Trog the Wrathful
  2295 | D:3      | Found a runed translucent door.
  2295 | D:3      | Noticed seaofthunder's ghost (amateur HOFi)
  2399 | D:3      | Found a shadowy altar of Dithmenos.
  2505 | D:3      | Found a faded altar of an unknown god.
  2587 | D:3      | Noticed Ijyb
  2593 | D:3      | Killed Ijyb
  2708 | D:3      | Found a hide-covered altar of Uskayaw.
  3032 | D:4      | Noticed a scorpion
  3042 | D:4      | Succumbed to a scorpion's poison

Illustrated notes

Levels and vault maps discovered:
D:1:      lightli_arrival_maybe_door_vault, layout_basic, serial_glass,
          glass_columns_a, glass_columns_a, glass_columns_a, glass_columns_b,
          glass_columns_b, glass_columns_a, glass_columns_c, glass_columns_c,
          chequers_serial_rivers_small_b
D:2:      layout_basic
D:3:      layout_basic, overflow_temple_1_default,
          nicolae_dithmenos_through_a_glass_darkly,
          lemuel_coloured_pillars_altar, shapermc_ecumenical_altar_mp_highgroup,
          gammafunk_ghost_grave, minmay_misc_feat_columns, uniq_ijyb
D:4:      layout_rooms, mainiacjoe_overflow_paths, nicolae_elyvilon_temple_path,
          uniq_menkaure

Skill      XL: |  1  2  3  4 |
---------------+-------------+-----
Armour         | 1 2 |  2.4
Fighting       | 3 |  3.5
Crossbows      | 5 |  5.4
Dodging        | 3 |  3.2
Stealth        | |  0.7

Action                   |  1- 3 |  4- 6 || total
-------------------------+-------+-------++-------
Melee: Hand crossbow     |     1 |       ||     1
       Unarmed           |       |     3 ||     3
 Fire: Hand crossbow     |   103 |    29 ||   132
Armor: Chain mail        |    52 |     3 ||    55
       Scale mail        |       |     3 ||     3
Dodge: Dodged            |    19 |     6 ||    25

Table legend: (Time is in decaauts)
 A = Elapsed time spent in this place.
 B = Non-inter-level travel time spent in this place.
 C = Inter-level travel time spent in this place.
 D = Time resting spent in this place.
 E = Time spent auto-exploring this place.
 F = Levels seen in this place.
 G = Mean time per level.
                   A        B        C        D        E       F      G
               +--------+--------+--------+--------+--------+-----+--------+
         Total |   3131 |   3006 |    125 |    233 |   2345 |   4 |  782.8 |
       Dungeon |   3131 |   3006 |    125 |    233 |   2345 |   4 |  782.8 |
               +--------+--------+--------+--------+--------+-----+--------+

Top non-repeatable levels by time:
     D:3: 1429 daAuts
     D:2: 917 daAuts
     D:1: 768 daAuts
     D:4: 15 daAuts
